 Dungeon Crawl Stone Soup version 0.27-a0-920-gb2bd10914a (webtiles) character file.

Game seed: 6566247199943214299

396 harryhousin the Shield-Bearer (level 6, -3/49 (53) HPs)
             Began as a Gnoll Fighter on Apr 9, 2021.
             Was a Follower of Okawaru.
             Slain by a wight
             ... wielding a +4 great sword
              (6 damage)
             ... on level 4 of the Dungeon.
             The game lasted 00:08:32 (3667 turns).

harryhousin the Shield-Bearer (Gnoll Fighter)       Turns: 3667, Time: 00:08:34

HP:   -3/49 (53)    AC:  9    Str: 16    XL:     6   Next: 82%
MP:   9/9           EV:  8    Int:  9    God:    Okawaru [*.....]
Gold: 232           SH: 10    Dex: 11    Spells: 9/9 levels left

rFire    . . .     SeeInvis .   a - +0 flail
rCold    . . .     Faith    +   c - +0 kite shield
rNeg     . . .     Spirit   .   b - +0 scale mail
rPois    .         Reflect  .   j - +0 helmet
rElec    .         Harm     .   (no cloak)
rCorr    .         Rampage  .   (no gloves)
Will     .....                  (no boots)
Stlth    ..........             h - amulet of faith
HPRegen  0.16/turn              (no ring)
MPRegen  0.11/turn              (no ring)

@: drained
A: fangs 1, strong nose, distributed training
a: Renounce Religion, Heroism


You were on level 4 of the Dungeon.
You worshipped Okawaru.
Okawaru was aware of your devotion.
You visited 1 branch of the dungeon, and saw 4 of its levels.

You collected 232 gold pieces.

Inventory:

Hand Weapons
 a - a +0 flail (weapon)
Armour
 b - a +0 scale mail (worn)
 c - a +0 kite shield (worn)
 j - a +0 helmet (worn)
Jewellery
 h - an amulet of faith (around neck)
Scrolls
 e - 3 scrolls of identify {unknown}
 f - a scroll of vulnerability {unknown}
 i - a scroll of magic mapping {unknown}
 o - a scroll of noise {unknown}
 p - a scroll of summoning {unknown}
 q - a scroll of teleportation {unknown}
Potions
 d - a potion of might
 g - 2 potions of berserk rage {unknown}
 k - a potion of attraction {unknown}
 l - a potion of lignification {unknown}
 m - a potion of resistance {unknown}
 n - a potion of heal wounds {unknown}
 r - a potion of flight {unknown}
 s - a potion of haste {unknown}
 t - 2 potions of degeneration {unknown}


   Skills:
 + Level 6.9 Fighting
 + Level 2.1 Short Blades
 + Level 2.1 Long Blades
 + Level 2.1 Axes
 + Level 5.0 Maces & Flails
 + Level 2.1 Polearms
 + Level 2.1 Staves
 + Level 2.1 Slings
 + Level 2.1 Bows
 + Level 2.1 Crossbows
 + Level 2.1 Throwing
 + Level 6.9 Armour
 + Level 2.1 Dodging
 + Level 2.1 Stealth
 + Level 6.9 Shields
 + Level 2.1 Unarmed Combat
 + Level 2.1 Spellcasting
 + Level 1.7 Conjurations
 + Level 1.7 Hexes
 + Level 1.7 Summonings
 + Level 1.7 Necromancy
 + Level 1.7 Translocations
 + Level 1.7 Transmutations
 + Level 1.7 Fire Magic
 + Level 1.7 Ice Magic
 + Level 1.7 Air Magic
 + Level 1.7 Earth Magic
 + Level 1.7 Poison Magic
 + Level 2.3 Invocations
 + Level 2.1 Evocations


You had 9 spell levels left.
You didn't know any spells.
Your spell library contained the following spells:

 Spells                   Type           Power      Damage    Failure   Level
 Summon Small Mammal      Summ           16%        N/A       82%         1
 Call Imp                 Summ           4%         N/A       91%         2
 Call Canine Familiar     Summ           4%         N/A       99%         3
 Summon Guardian Golem    Hex/Summ       4%         N/A       99%         3
 Summon Ice Beast         Ice/Summ       4%         N/A       100%        4
 Summon Lightning Spire   Summ/Air       4%         N/A       100%        4


Dungeon Overview and Level Annotations

Branches:
Dungeon (4/15)             Temple (0/1) D:4

Altars:
Kikubaaqudgha
Okawaru
Sif Muna

Shops:
D:4 [

Annotations:
D:1 1 runed translucent door
D:3 1 runed translucent door, Tocho's ghost, amateur DjGl
D:4 2 runed translucent doors, noodleboyJ's ghost, amateur DsCK


Innate Abilities, Weirdness & Mutations

You have very sharp teeth.
Your uncanny sense of smell can sniff out nearby items.
Your experience applies equally to all skills.


Message History

NoodleboyJ's ghost turns its malevolent gaze towards you.
A wight comes into view. It is wielding a +1 long sword.
A wight comes into view. It is wielding a +4 great sword.
You hit the wight. Your bite misses the wight.
The wight is lightly damaged.
You block the wight's attack.
The wight hits you with a +1 long sword.
You feel drained.
You sock the wight!
The wight is severely damaged.
You block the wight's attack.
The wight hits you with a +1 long sword.
You closely miss the wight.
The wight is severely damaged.
You block the wight's attack. x2; The wight closely misses you.
You hit the wight but do no damage.
The wight is severely damaged.
The wight hits you with a +1 long sword!
You feel drained. You block the wight's attack.
You hit the wight.
The wight is almost destroyed.
You block the wight's attack.
You sock the wight!
You destroy the wight!
Okawaru accepts your kill. You block the wight's attack.
You hit the wight.
The wight is moderately damaged.
The wight hits you with a +4 great sword.
You hit the wight.
The wight is heavily damaged.
You block the wight's attack.
You hit the wight but do no damage.
The wight is heavily damaged.
The wight hits you with a +4 great sword!
You feel drained.
The wight hits you with a +4 great sword!!
* * * LOW HITPOINT WARNING * * *
You feel drained.
You die...

# ........ .......
## ........ .......
##. .......# ...
....... #<.
.......# ...
....... #..
.......##..#
....... ##.
........#..#
....... ##
(.......#..#
####....... #
.....<.....#
#.@z....... ##
...........#
#.####....# #.
...........# #.#
.## ######.
...........####.#
##......
................##
#.......
......#..##...#..##
#.......
...####.#..#.#....#
##...... ###
#..#....#..#.#
##.....
##...#....##..##
###...


You could see a wight.

Vanquished Creatures
  A centaur (D:4)
  A phantom (D:4)
  A wight (D:4)
  A centaur zombie (D:4)
  An iguana (D:4)
  5 adders (D:4)
  4 dart slugs
  A worm (D:3)
  An orc (D:3)
  8 ball pythons
  4 endoplasms
  3 giant cockroaches
  5 goblins
  5 hobgoblins
  15 jackals
  5 quokkas
  3 bats
  7 frilled lizards
  6 kobolds
  2 rats
79 creatures vanquished.

Notes
Turn   | Place    | Note
-------+----------+-------------------------------------------
     0 | D:1      | harryhousin the Gnoll Fighter began the quest for the Orb.
     0 | D:1      | Reached XP level 1. HP: 23/23 MP: 1/1
     1 | D:1      | Found a runed translucent door.
     1 | D:1      | Noticed a jelly
    19 | D:1      | Found a faded altar of an unknown god.
   191 | D:1      | Reached XP level 2. HP: 27/29 MP: 2/2
   547 | D:1      | Reached XP level 3. HP: 35/35 MP: 3/3
  1331 | D:2      | Reached skill level 1 in Invocations
  1481 | D:3      | Reached skill level 1 in Short Blades
  1481 | D:3      | Reached skill level 1 in Long Blades
  1481 | D:3      | Reached skill level 1 in Axes
  1481 | D:3      | Reached skill level 1 in Polearms
  1481 | D:3      | Reached skill level 1 in Staves
  1481 | D:3      | Reached skill level 1 in Slings
  1481 | D:3      | Reached skill level 1 in Bows
  1481 | D:3      | Reached skill level 1 in Crossbows
  1481 | D:3      | Reached skill level 1 in Throwing
  1481 | D:3      | Reached skill level 1 in Dodging
  1481 | D:3      | Reached skill level 1 in Stealth
  1481 | D:3      | Reached skill level 1 in Unarmed Combat
  1481 | D:3      | Reached skill level 1 in Spellcasting
  1481 | D:3      | Reached skill level 1 in Evocations
  1570 | D:3      | Reached XP level 4. HP: 41/41 MP: 5/5
  1602 | D:3      | Found a runed translucent door.
  1602 | D:3      | Noticed a wyvern
  1602 | D:3      | Noticed Tocho's ghost (amateur DjGl)
  1700 | D:3      | Found a shimmering blue altar of Sif Muna.
  1880 | D:3      | Found an iron altar of Okawaru.
  1890 | D:3      | Became a worshipper of Warmaster Okawaru
  2458 | D:4      | Reached skill level 1 in Conjurations
  2458 | D:4      | Reached skill level 1 in Hexes
  2458 | D:4      | Reached skill level 1 in Summonings
  2458 | D:4      | Reached skill level 1 in Necromancy
  2458 | D:4      | Reached skill level 1 in Translocations
  2458 | D:4      | Reached skill level 1 in Transmutations
  2458 | D:4      | Reached skill level 1 in Fire Magic
  2458 | D:4      | Reached skill level 1 in Ice Magic
  2458 | D:4      | Reached skill level 1 in Air Magic
  2458 | D:4      | Reached skill level 1 in Earth Magic
  2458 | D:4      | Reached skill level 1 in Poison Magic
  2521 | D:4      | Reached XP level 5. HP: 29/47 MP: 6/6
  2890 | D:4      | Found an ancient bone altar of Kikubaaqudgha.
  2891 | D:4      | Noticed a centaur
  2900 | D:4      | Killed a centaur
  3010 | D:4      | Reached XP level 6. HP: 52/53 MP: 8/8
  3014 | D:4      | Reached * piety under Okawaru
  3094 | D:4      | Found a staircase to the Ecumenical Temple.
  3121 | D:4      | Reached skill level 5 in Maces & Flails
  3291 | D:4      | Found a runed translucent door.
  3292 | D:4      | Noticed noodleboyJ's ghost (amateur DsCK)
  3343 | D:4      | Found Hufret's Armour Shoppe.
  3395 | D:4      | Found a runed translucent door.
  3667 | D:4      | Slain by a wight

Illustrated notes

Levels and vault maps discovered:
D:1:      dpeg_arrival_caged_fury, layout_basic, basic_ecumenical_altar
D:2:      layout_rooms, amethyst_killhole
D:3:      layout_basic, okawaru_metal_pillars_1_2,
          nicolae_overflow_hidden_temple, ebering_ghost_inner_flame
D:4:      layout_cave_pods, nicolae_overflow_crystal_walls,
          lemuel_crystal_altar, minmay_temple_entry_mini_moons,
          ebering_ghost_sewer_f, serial_shops, shop_statue, minivault_11,
          minmay_diced_spiral

Skill      XL: |  1  2  3  4  5  6 |
---------------+-------------------+-----
Invocations    | 1 2 |  2.3
Short Blades   | 1 2 |  2.1
Long Blades    | 1 2 |  2.1
Axes           | 1 2 |  2.1
Polearms       | 1 2 |  2.1
Staves         | 1 2 |  2.1
Slings         | 1 2 |  2.1
Bows           | 1 2 |  2.1
Crossbows      | 1 2 |  2.1
Throwing       | 1 2 |  2.1
Dodging        | 1 2 |  2.1
Stealth        | 1 2 |  2.1
Unarmed Combat | 1 2 |  2.1
Spellcasting   | 1 2 |  2.1
Evocations     | 1 2 |  2.1
Conjurations   | 1 |  1.7
Hexes          | 1 |  1.7
Summonings     | 1 |  1.7
Necromancy     | 1 |  1.7
Translocations | 1 |  1.7
Transmutations | 1 |  1.7
Fire Magic     | 1 |  1.7
Ice Magic      | 1 |  1.7
Air Magic      | 1 |  1.7
Earth Magic    | 1 |  1.7
Poison Magic   | 1 |  1.7
Maces & Flails | 5 |  5.0
Fighting       | |  6.9
Armour         | |  6.9
Shields        | |  6.9

Action                   |  1- 3 |  4- 6 || total
-------------------------+-------+-------++-------
Melee: Flail             |   155 |   160 ||   315
       Bite              |    14 |    13 ||    27
Armor: Scale mail        |   104 |    80 ||   184
Dodge: Dodged            |    85 |    53 ||   138
Block: Kite shield       |   122 |   119 ||   241

Table legend: (Time is in decaauts)
 A = Elapsed time spent in this place.
 B = Non-inter-level travel time spent in this place.
 C = Inter-level travel time spent in this place.
 D = Time resting spent in this place.
 E = Time spent auto-exploring this place.
 F = Levels seen in this place.
 G = Mean time per level.
                   A        B        C        D        E       F      G
               +--------+--------+--------+--------+--------+-----+--------+
         Total |   3772 |   3726 |     46 |    141 |   2752 |   4 |  943.0 |
       Dungeon |   3772 |   3726 |     46 |    141 |   2752 |   4 |  943.0 |
               +--------+--------+--------+--------+--------+-----+--------+

Top non-repeatable levels by time:
     D:4: 1369 daAuts
     D:3: 975 daAuts
     D:1: 972 daAuts
     D:2: 455 daAuts
